 Dungeon Crawl Stone Soup version 0.29.1-12-g30fa7ad0bf (webtiles) character file.

Game seed: 532624978202831421

2193 wormed the Poker (level 9, 0/78 (79) HPs)
             Began as a Hill Orc Fighter on Dec 20, 2022.
             Was a Follower of the Shining One.
             Killed from afar by an electric eel (1 damage)
             ... with a bolt of electricity
             ... on level 7 of the Dungeon.
             The game lasted 00:16:11 (7164 turns).

wormed the Poker (Hill Orc Fighter)                 Turns: 7164, Time: 00:16:13

HP:   0/78 (79)     AC: 15    Str: 23    XL:     9   Next: 33%
MP:   9/9           EV:  7    Int: 11    God:    the Shining One [*.....]
Gold: 187           SH: 10    Dex: 10    Spells: 8/8 levels left

rFire   + + .      SeeInvis .   e - +9 spear of Taxation {distort, rF+ rC+ rCorr}
rCold   + + +      Faith    .   c - +0 buckler
rNeg    . . .      Spirit   .   j - +0 chain mail
rPois   +          Reflect  +   u - +2 helmet {Int+3}
rElec   +          Harm     .   (no cloak)
rCorr   +          Rampage  .   x - +0 pair of gloves
Will    .....                   (no boots)
Stlth   ..........              g - amulet of reflection
HPRegen 0.23/turn               i - ring of protection from cold
MPRegen 0.11/turn               (no ring)

@: resistant, glowing, lightly drained, very slow
A: no striking features
a: Renounce Religion, Divine Shield


You were on level 7 of the Dungeon.
You worshipped the Shining One.
The Shining One was aware of your devotion.
You visited 2 branches of the dungeon, and saw 8 of its levels.

You collected 576 gold pieces.
You spent 389 gold pieces at shops.

Inventory:

Hand Weapons
 e - the +9 spear of Taxation (weapon) {distort, rF+ rC+ rCorr}
   (You found it on level 3 of the Dungeon)

   It warps and distorts space around it, and may blink, banish, or inflict
   extra damage upon those it strikes.
   Unwielding it can cause banishment or high damage.
   rF:        It protects you from fire.
   rC:        It protects you from cold.
   rCorr:     It protects you from acid and corrosion.
Missiles
 w - a throwing net (quivered)
Armour
 c - a +0 buckler (worn)
 j - a +0 chain mail (worn)
 u - a +2 helmet of intelligence (worn)
 x - a +0 pair of gloves (worn)
 y - a +0 tower shield
Jewellery
 g - an amulet of reflection (around neck)
 i - a ring of protection from cold (left hand)
 t - a ring of fire
Scrolls
 b - a scroll of fog {unknown}
 f - 2 scrolls of vulnerability {unknown}
 k - a scroll of noise {unknown}
 l - a scroll of teleportation
 m - a scroll of amnesia {unknown}
 q - a scroll of silence {unknown}
 r - a scroll of brand weapon {unknown}
 s - 2 scrolls of immolation {unknown}
Potions
 d - 4 potions of might
 h - a potion of brilliance
 n - 4 potions of curing
 o - 2 potions of mutation {unknown}
 p - 2 potions of haste
 v - a potion of magic


   Skills:
 + Level 7.4 Fighting
 - Level 4.1(7.2) Axes
 * Level 7.8(8.1) Polearms
 + Level 6.9 Armour
 + Level 6.7 Shields


You had 8 spell levels left.
You didn't know any spells.
Your spell library contained the following spells:

 Spells                   Type           Power      Damage    Failure   Level
 Sandblast                Erth           0%         2d4       96%         1
 Slow                     Hex            0%         N/A       96%         1
 Blink                    Tloc           0%         N/A       99%         2
 Passwall                 Tmut/Erth      0%         N/A       99%         2
 Static Discharge         Conj/Air       0%         3-3/arc   99%         2
 Confusing Touch          Hex            0%         N/A       100%        3
 Lesser Beckoning         Tloc           0%         N/A       100%        3
 Stone Arrow              Conj/Erth      0%         3d7       100%        3
 Summon Guardian Golem    Hex/Summ       0%         N/A       100%        3
 Tukima's Dance           Hex            0%         N/A       100%        3
 Vampiric Draining        Necr           0%         2d6       100%        3
 Dispel Undead            Necr           0%         3d6       100%        4
 Passage of Golubria      Tloc           0%         N/A       100%        4
 Sticky Flame             Conj/Fire      0%         2d3       100%        4
 Manifold Assault         Tloc           0%         N/A       100%        5
 Yara's Violent Unravell  Hex/Tmut       0%         3d3       100%        5
 Orb of Destruction       Conj           0%         9d5       100%        7
 Spellforged Servitor     Conj/Summ      0%         N/A       100%        7


Dungeon Overview and Level Annotations

Branches:
Dungeon (7/15)             Temple (1/1) D:5

Altars:
Ashenzari
Cheibriados
Dithmenos
Fedhas
Hepliaklqana
Kikubaaqudgha
Makhleb
Nemelex Xobeh
Qazlal
Ru
Sif Muna
Uskayaw
Vehumet
Wu Jian
Xom
Yredelemnul
The Shining One

Shops:
D:7 ?[


Message History

You hit the hound.
You kill the hound!
No target in view!
You enter the shallow water.
Moving in this stuff is going to be slow.
You now have 187 gold pieces (gained 16).
An electric eel is nearby!
An electric eel is nearby!
The electric eel shoots out a bolt of lightning at you!
The bolt of electricity hits you.
You enter the shallow water.
Moving in this stuff is going to be slow.
An electric eel comes into view. x2
The electric eel shoots out a bolt of lightning at you!
The bolt of electricity hits you.
The electric eel shoots out a bolt of lightning at you!
The bolt of electricity hits you.
The electric eel shoots out a bolt of lightning at you!
The bolt of electricity hits you.
The electric eel shoots out a bolt of lightning at you!
The bolt of electricity hits you!
The electric eel shoots out a bolt of lightning at you!
The bolt of electricity hits you!
The electric eel shoots out a bolt of lightning at you!
The bolt of electricity hits you!
The electric eel shoots out a bolt of lightning at you!
The bolt of electricity hits you!
* * * LOW HITPOINT WARNING * * *
The electric eel shoots out a bolt of lightning at you!
The bolt of electricity misses you.
The electric eel shoots out a bolt of lightning at you!
The bolt of electricity hits you!
* * * LOW HITPOINT WARNING * * *
You feel protected.
The electric eel shoots out a bolt of lightning at you!
The bolt of electricity hits you. You resist.
* * * LOW HITPOINT WARNING * * *
The electric eel shoots out a bolt of lightning at you!
The bolt of electricity hits you. You resist.
You die...

~~~♣~~≈ ≈≈≈≈~≈≈≈♣~~♣~~♣♣
~~~~≈≈≈ ≈≈≈≈≈≈≈≈≈~~♣~~~♣
~P~~~≈≈≈≈≈≈≈≈≈≈≈~~~~~~~~
~P♣~≈S≈≈≈≈≈≈≈≈≈≈~~~~~~~♣
~~P~~~S≈≈≈≈≈≈≈≈≈~~~♣~~♣♣
P~~~~~≈≈≈≈≈~≈~~♣~~~♣♣.
♣P~♣S≈~≈~~~~~~~♣~~..
♣~~~~~♣~~~♣~P♣♣♣.... #
♣~♣@P♣P♣~♣♣~P♣~..... ...
# ♣~~♣♣~~~♣.#####...
##..##.#####...# #...
#..~~..........# #...
#.~~P~~~P.##...# #...
#..~♣~~~P.##.### ##..
#..P♣♣♣♣♣~P.#.# ### #.~~


PPPP#.# # #.P ♣♣~PP#.# # You could see 3 electric eels.

Vanquished Creatures
  The ghost of Unforgiven the Poker, a novice DrFi of Qazlal (D:5)
  Grinder (D:6)
  Edmund (D:4)
  An orc warrior (D:7)
  4 ogres
  A phantom (D:6)
  A bullfrog (D:7)
  A necrophage (D:6)
  2 scorpions
  3 wights (D:6)
  A howler monkey (D:6)
  3 hounds
  A gnoll bouda (D:7)
  2 orc priests (D:5)
  4 iguanas
  Robin (D:4)
  4 gnolls (D:7)
  4 adders
  A white imp (D:6)
  2 worms
  A dart slug (D:2)
  12 orcs
  7 endoplasms
  3 giant cockroaches (D:1)
  11 goblins
  7 hobgoblins
  4 kobolds
  4 quokkas
  4 ball pythons
  7 bats
  2 frilled lizards (D:1)
  4 rats
105 creatures vanquished.

Vanquished Creatures (others)
  31 plants (D:7)
31 creatures vanquished.

Grand Total: 136 creatures vanquished

Notes
Turn   | Place    | Note
-------+----------+-------------------------------------------
     0 | D:1      | wormed the Hill Orc Fighter began the quest for the Orb.
     0 | D:1      | Reached XP level 1. HP: 19/19 MP: 1/1
   249 | D:1      | Reached XP level 2. HP: 26/27 MP: 2/2
  1249 | D:1      | Found a sacrificial altar of Ru.
  1418 | D:2      | Reached XP level 3. HP: 31/33 MP: 3/3
  2123 | D:3      | Reached XP level 4. HP: 40/40 MP: 4/4
  2134 | D:3      | Identified the +9 spear of Taxation {distort, rF+ rC+
                  | rCorr}
  2776 | D:4      | Noticed Edmund
  2793 | D:4      | Killed Edmund
  2794 | D:4      | Reached XP level 5. HP: 28/47 MP: 5/5
  2955 | D:4      | Noticed an ogre
  2961 | D:4      | Killed an ogre
  2962 | D:4      | Reached XP level 6. HP: 34/55 MP: 6/6
  3086 | D:4      | Noticed Robin
  3103 | D:4      | Killed Robin
  3145 | D:4      | Reached skill level 5 in Fighting
  3456 | D:4      | Found a shimmering altar of Xom.
  3495 | D:5      | Entered Level 5 of the Dungeon
  3725 | D:5      | Reached XP level 7. HP: 61/61 MP: 7/7
  3856 | D:5      | Found a staircase to the Ecumenical Temple.
  3863 | D:5      | Reached skill level 5 in Armour
  3881 | D:5      | Reached skill level 5 in Shields
  3891 | Temple   | Entered the Ecumenical Temple
  4376 | Temple   | Became a worshipper of the Shining One
  4758 | D:5      | Reached skill level 5 in Polearms
  4889 | D:5      | Found a runed translucent door.
  4889 | D:5      | Noticed Unforgiven's ghost (novice DrFi)
  4903 | D:5      | Killed Unforgiven's ghost
  4904 | D:5      | Reached XP level 8. HP: 58/70 MP: 8/8
  5159 | D:6      | Noticed Grinder
  5163 | D:6      | Killed Grinder
  5337 | D:6      | Reached XP level 9. HP: 78/78 MP: 9/9
  6770 | D:7      | Found Wiucyxze's Armour Boutique.
  6941 | D:7      | Reached * piety under the Shining One
  6951 | D:7      | Bought a +2 helmet of intelligence for 322 gold pieces
  6951 | D:7      | Bought a +0 tower shield for 67 gold pieces
  7075 | D:7      | Found Epael's Magic Scroll Boutique.
  7164 | D:7      | HP: 1/78 [electric eel/bolt of electricity (4)]
  7164 | D:7      | Killed from afar by an electric eel

Illustrated notes

Levels and vault maps discovered:
D:1:      dpeg_arrival_lava_altar, layout_basic, nrook_mini_vaults,
          minmay_fountain_box, roderic_lattice_a
D:2:      layout_basic
D:3:      layout_loops_ring, st_stairs_6, kennysheep_generic_room_2
D:4:      layout_rooms, mainiacjoe_overflow_brackets, uniq_edmund, uniq_robin
D:5:      layout_loops_corners, minmay_temple_entry_water_ring,
          gammafunk_ghost_grave, corexii_hall_statues_x, kennysheep_small_square
D:6:      layout_layer_cave, uniq_grinder
D:7:      layout_basic, kennysheep_little_box,
          mainiacjoe_overflow_cross_hatched, serial_shops,
          nicolae_inconvenience_store, nicolae_shop_trees, nicolae_diamond_shop,
          nicolae_diamond_shop, shop, serial_bayou, serial_bayou_pond_e,
          serial_bayou_shore_a, serial_bayou_lake_a, serial_bayou_pond_c,
          serial_bayou_shore_b, grunt_ministairs_7
Temple:   nicolae_temple_slightly_damp_pantheon

Skill      XL: |  1  2  3  4  5  6  7  8  9 |
---------------+----------------------------+-----
Axes           | 3 4 |  4.1
Fighting       | 4 5 6 7 |  7.4
Polearms       | 2 3 5 7 |  7.8
Armour         | 4 5 6 |  6.9
Shields        | 4 5 6 |  6.7

Action                   |  1- 3 |  4- 6 |  7- 9 || total
-------------------------+-------+-------+-------++-------
Melee: War axe           |   103 |       |       ||   103
       Spear             |       |    77 |   107 ||   184
  Use: Scroll            |     3 |       |     4 ||     7
       Potion            |       |       |     2 ||     2
Armor: Scale mail        |    24 |       |       ||    24
       Chain mail        |    45 |    21 |    23 ||    89
Dodge: Dodged            |    42 |    13 |    23 ||    78
Block: Buckler           |    40 |    21 |    24 ||    85
       Reflection        |     1 |     1 |     1 ||     3
